 Dungeon Crawl Stone Soup version 0.27-a0-1196-g3e9cee4cb2 (webtiles) character file.

Game seed: 12151124011280442831

61793 rjrrt the Severer (level 14, -8/127 HPs)
             Began as a Minotaur Berserker on May 27, 2021.
             Was a High Priest of Trog.
             Mangled by a death yak (15 damage)
             ... on level 6 of the Lair of Beasts.
             The game lasted 00:41:54 (24311 turns).

rjrrt the Severer (Minotaur Berserker)             Turns: 24311, Time: 00:41:55

Health: -8/127     AC: 23    Str: 25    XL:     14   Next: 61%
Magic:  13/13      EV: 12    Int:  4    God:    Trog [*****.]
Gold:   1288       SH:  0    Dex: 15    Spells: 13/13 levels left

rFire    + . .     SeeInvis +   a - +3 battleaxe (vorpal)
rCold    + + .     Faith    +   (shield currently unavailable)
rNeg     + . .     Spirit   .   K - +1 plate armour {Will+}
rPois    .         Reflect  .   F - +2 hat
rElec    .         Harm     .   I - scarf {rC+ rF+}
rCorr    +         Rampage  .   G - +2 pair of gloves {Dex+3}
Will     ++++.                  M - +0 pair of boots
Stlth    ..........             r - amulet of faith
HPRegen  1.31/turn              O - ring of Lefel {rC+ rN+ rCorr Stlth+}
MPRegen  0.13/turn              A - ring of see invisible

@: strong-willed, regenerating
A: horns 2, retaliatory headbutt
a: Renounce Religion, Berserk, Trog's Hand, Brothers in Arms


You were on level 6 of the Lair of Beasts.
You worshipped Trog.
Trog was extremely pleased with you.
You visited 2 branches of the dungeon, and saw 19 of its levels.
You visited 1 bazaar.
You also visited: Gauntlet.

You collected 2099 gold pieces.
You spent 811 gold pieces at shops.

Inventory:

Hand Weapons
 a - a +3 vorpal battleaxe (weapon)
 b - a +0 trident of electrocution
 f - a +2 broad axe of flaming
Missiles
 c - 19 boomerangs (quivered)
 g - 15 silver javelins
 J - 12 javelins
 N - 3 curare-tipped darts
Armour
 F - a +2 hat (worn)
 G - a +2 pair of gloves of dexterity (worn)
 I - a scarf of resistance (worn)
 K - a +1 plate armour of willpower (worn)
 M - a +0 pair of boots (worn)
Jewellery
 r - an amulet of faith (around neck)
 w - a ring of ice
 y - a ring of flight
 A - a ring of see invisible (right hand)
 D - a ring of protection from cold
 O - the ring of Lefel (left hand) {rC+ rN+ rCorr Stlth+}
   (You bought it in a shop in a bazaar)

   [ring of protection from cold]

   It protects you from cold.
   It protects you from negative energy.
   It protects you from acid and corrosion.
   It makes you more stealthy.
Wands
 h - a wand of paralysis (18)
 n - a wand of iceblast (4)
 o - a wand of flame (86)
 u - a wand of mindburst (18)
 L - a wand of polymorph (7)
Scrolls
 d - 4 scrolls of identify
 e - 2 scrolls of enchant armour
 j - 2 scrolls of fear
 m - 3 scrolls of enchant weapon
 t - 2 scrolls of silence
 C - 3 scrolls of teleportation
 E - 3 scrolls of fog
Potions
 i - 6 potions of curing
 k - 4 potions of attraction
 l - 5 potions of lignification
 p - 2 potions of ambrosia
 q - a potion of might
 s - a potion of haste
 v - a potion of resistance
 x - 2 potions of cancellation
 z - 6 potions of heal wounds
 B - a potion of invisibility
 H - a potion of flight


   Skills:
 + Level 12.3 Fighting
 * Level 20.0 Axes
 - Level 6.0 Throwing
 + Level 12.1 Armour
 + Level 11.2 Dodging
 - Level 4.0 Evocations


You had 13 spell levels left.
You didn't know any spells.
Your spell library was empty.

Dungeon Overview and Level Annotations

Branches:
Dungeon (13/15)            Temple (0/1) D:5            Lair (6/6) D:9
  Swamp (0/4) Lair:2       Spider (0/4) Lair:3        Slime (0/5) Lair:6
    Orc (0/2) D:11        Gauntlet (visited)
 Vaults: D:13-14

Altars:
Cheibriados
Dithmenos
Hepliaklqana
Kikubaaqudgha
Makhleb
Okawaru
Sif Muna
Vehumet
Jiyva

Shops:
D:6 [*::(   D:7 *

Portals:
Trove: D:11 (give 5 scrolls of fear)

Annotations:
D:5 2 runed translucent doors
D:10 exclusion: orange crystal statue


Innate Abilities, Weirdness & Mutations

You have a pair of horns on your head.
You reflexively headbutt those who attack you in melee.


Message History

You are no longer poisoned.
The death yak gores you. x2
You see here an elephant corpse.
Unknown command.
You are too injured to fight recklessly!
Unknown command.
You carve the death yak like a ham!!! You headbutt the death yak!
The death yak is severely wounded.
You slash the death yak!
You hear a trumpeting! x3
The death yak gores you but does no damage.
You are too injured to fight recklessly!
You are too injured to fight recklessly!
Unknown command.
You are too injured to fight recklessly!
Unknown command.
You are too injured to fight recklessly!
You are too injured to fight recklessly!
Unknown command.
An elephant comes into view.
The death yak gores you but does no damage.
The death yak gores you!
The death yak gores you but does no damage.
You see here a water moccasin corpse.
Unknown command.
The death yak gores you but does no damage.
The death yak gores you!
* * * LOW HITPOINT WARNING * * *
You see here an elephant corpse.
Okay, then.
Unknown command.
Your cyclops goes berserk!
The death yak gores you!
* * * LOW HITPOINT WARNING * * *
The death yak gores you!!
* * * LOW HITPOINT WARNING * * *
The death yak gores you but does no damage.
Unknown command.
The death yak gores you!
You die...

....... ..#...# #.... ##
.............# #...## #. .
...#.#..#....## ....##.##.
.....##...#P.. ###........
....P.#...#..## #.....#..# .
...........#..###........#...
...........#.†.Y#............
....>.........@Y†...Y........
...._..†.......Y#.##......#..
.........†.<...C####..Y......
..P.......†.....# #..#......
................# ##........
................... .....Y..Y
.............................
......≈.PP...................
.....≈≈≈#............


You could see 3 death yaks, an elephant and a friendly cyclops (summoned,
berserk).

Vanquished Creatures
  A minotaur (Gauntlet)
  Fannar (Lair:2)
  7 hydras
  2 catoblepae
  A centaur warrior (D:13)
  7 two-headed ogres
  13 death yaks
  Urug (Lair:3)
  Nergalle (Lair:3)
  An obsidian statue (Gauntlet)
  Pikel (D:4)
  A wolf spider (Lair:3)
  3 deep elf pyromancers
  A manticore (D:11)
  2 cyclopes
  17 elephants
  A black mamba (Lair:3)
  An apocalypse crab (Gauntlet)
  A gargoyle (D:12)
  19 cane toads
  12 komodo dragons
  Maggie (D:9)
  A rime drake (Lair:1)
  An unseen horror (D:10)
  2 trolls
  A polar bear (Lair:5)
  2 jumping spiders (Lair:3)
  2 hornets
  7 dream sheep (Lair:2)
  5 slime creatures (D:12)
  A redback (Lair:3)
  35 yaks
  2 shadows
  3 wyverns
  A vampire (D:12)
  3 wraiths
  5 basilisks
  2 chaos spawn (Gauntlet)
  A neqoxec (Gauntlet)
  A steam dragon (D:7)
  4 vampire mosquitoes (D:12)
  6 swamp worms (Lair:2)
  13 water moccasins
  An ice beast (D:5)
  A sky beast (D:6)
  4 orc warriors
  2 necrophages
  A black bear (D:4)
  6 wolves
  4 boggarts (D:12)
  7 centaurs
  2 phantoms
  2 kobold brigands
  17 bullfrogs
  A gnoll sergeant (D:6)
  2 scorpions
  11 killer bees
  4 electric eels
  4 howler monkeys
  2 jellies (D:7)
  A crimson imp (D:8)
  3 centaur zombies
  5 orc priests
  3 hounds
  5 iguanas
  3 bullfrog skeletons
  A gnoll shaman (D:7)
  17 orc wizards
  3 killer bee zombies
  A hound zombie (D:5)
  3 howler monkey zombies
  6 gnolls
  7 adders
  A howler monkey skeleton (D:7)
  A white imp (D:7)
  An ufetubus (D:5)
  7 worms
  55 orcs
  5 bats
  3 endoplasms
  8 giant cockroaches
  6 goblins
  10 hobgoblins
  12 jackals
  14 kobolds
  4 quokkas
  9 ball pythons
  3 frilled lizards
  6 rats
467 creatures vanquished.

Vanquished Creatures (collateral kills)
  An obsidian statue (D:10)
1 creature vanquished.

Vanquished Creatures (others)
  A shadow imp (D:7)
  12 demonic plants (Gauntlet)
  14 fungi
  17 plants
44 creatures vanquished.

Grand Total: 512 creatures vanquished

Notes
Turn   | Place    | Note
-------+----------+-------------------------------------------
     0 | D:1      | rjrrt the Minotaur Berserker began the quest for the Orb.
     0 | D:1      | Reached XP level 1. HP: 19/19 MP: 0/0
   327 | D:1      | Found a faded altar of an unknown god.
   363 | D:1      | Reached skill level 4 in Axes
   443 | D:1      | Reached XP level 2. HP: 27/27 MP: 1/1
  1052 | D:2      | Reached XP level 3. HP: 33/33 MP: 2/2
  1138 | D:2      | Reached skill level 1 in Throwing
  1154 | D:2      | Reached ** piety under Trog
  1413 | D:3      | Reached XP level 4. HP: 37/40 MP: 3/3
  1804 | D:3      | Noticed a shadow
  1805 | D:3      | Found a shadowy altar of Dithmenos.
  1806 | D:3      | Found a hazy altar of Hepliaklqana.
  1840 | D:3      | You fall into a shaft and drop 1 floor!
  1896 | D:4      | Reached skill level 5 in Axes
  2067 | D:3      | Found an ancient bone altar of Kikubaaqudgha.
  2413 | D:3      | Reached *** piety under Trog
  2826 | D:4      | Noticed Pikel
  2826 | D:4      | Noticed a lemure
  2826 | D:4      | Noticed a lemure
  2851 | D:4      | Noticed a lemure
  2854 | D:4      | Noticed a lemure
  2858 | D:4      | Killed Pikel
  2859 | D:4      | Reached skill level 8 in Axes
  2859 | D:4      | Reached XP level 5. HP: 46/46 MP: 4/4
  2859 | D:4      | Reached XP level 6. HP: 52/52 MP: 5/5
  2859 | D:4      | Reached XP level 7. HP: 59/59 MP: 6/6
  2957 | D:4      | Reached skill level 9 in Axes
  4007 | D:5      | Entered Level 5 of the Dungeon
  4132 | D:5      | Found a large runed translucent door.
  4140 | D:5      | Reached skill level 10 in Axes
  4140 | D:5      | Found a large runed translucent door.
  4179 | D:5      | Noticed a wyvern
  4186 | D:5      | Found a large runed translucent door.
  4186 | D:5      | Found a large runed translucent door.
  4457 | D:5      | Reached XP level 8. HP: 37/66 MP: 7/7
  4460 | D:5      | Reached skill level 11 in Axes
  5279 | D:5      | Reached skill level 12 in Axes
  5661 | D:5      | Found a staircase to the Ecumenical Temple.
  5991 | D:5      | Reached skill level 13 in Axes
  5997 | D:5      | Reached **** piety under Trog
  6199 | D:6      | Reached XP level 9. HP: 70/71 MP: 8/8
  6206 | D:6      | You fall into a shaft and drop 2 floors!
  6639 | D:9      | Found a staircase to the Lair.
  7026 | D:6      | Found Gauma's Antique Armour Shoppe.
  7029 | D:6      | Bought a pair of embroidered gloves for 187 gold pieces
  7190 | D:6      | Found Dyikust's Book Emporium.
  7373 | D:6      | Found Atwis's Assorted Antiques.
  7413 | D:6      | Found Vompytz's Book Shop.
  7436 | D:6      | Reached skill level 14 in Axes
  7567 | D:6      | Found Veheox's Antique Weapon Boutique.
  7586 | D:6      | Noticed a cyclops
  7593 | D:6      | Killed a cyclops
  7594 | D:6      | Reached skill level 5 in Fighting
  7868 | D:6      | Found an iron altar of Okawaru.
  8032 | D:6      | Identified a scroll of acquirement
  8032 | D:6      | Acquired 1018 gold pieces
  8130 | D:7      | Found Puluf's Lightly-Used Armoury.
  8388 | D:7      | Noticed a deep elf pyromancer
  8408 | D:7      | Killed a deep elf pyromancer
  8479 | D:7      | Reached XP level 10. HP: 55/82 MP: 9/9
  8636 | D:7      | Reached skill level 5 in Armour
  9301 | D:7      | Reached skill level 5 in Dodging
 10414 | D:8      | Found a burning altar of Makhleb.
 10757 | D:9      | Reached skill level 15 in Axes
 10858 | D:9      | Noticed Maggie
 10877 | D:9      | Killed Maggie
 11398 | D:10     | Entered Level 10 of the Dungeon
 11410 | D:10     | Found a snail-covered altar of Cheibriados.
 11414 | D:10     | Identified the +3 scale mail "Mipsink" {rC+ rCorr Int+4}
 11504 | D:10     | Reached ***** piety under Trog
 11594 | D:10     | Noticed an obsidian statue
 11606 | D:10     | Killed an obsidian statue
 11670 | D:10     | Noticed a two-headed ogre
 11681 | D:10     | Killed a two-headed ogre
 11818 | D:10     | Noticed an orange crystal statue
 11837 | D:10     | Noticed a manticore
 11884 | D:10     | Noticed a two-headed ogre
 12455 | D:11     | Noticed a two-headed ogre
 12465 | D:11     | Killed a two-headed ogre
 12466 | D:11     | Reached XP level 11. HP: 92/92 MP: 10/10
 12470 | D:11     | Found a gate leading to a gauntlet.
 12479 | Gauntlet | Entered a Gauntlet
 12479 | Gauntlet | Found a transporter.
 12479 | Gauntlet | Found a transporter.
 12479 | Gauntlet | Found a transporter.
 12496 | Gauntlet | Found a transporter.
 12517 | Gauntlet | Found a transporter.
 12670 | Gauntlet | Found a transporter.
 12706 | Gauntlet | Found a transporter.
 12736 | Gauntlet | Noticed an obsidian statue
 12736 | Gauntlet | Found a transporter.
 12951 | Gauntlet | Killed an obsidian statue
 12989 | Gauntlet | Found a transporter.
 12999 | Gauntlet | Noticed a minotaur
 13008 | Gauntlet | Killed a minotaur
 13009 | Gauntlet | Reached skill level 16 in Axes
 13084 | D:11     | Found a staircase to the Orcish Mines.
 13105 | D:11     | Received a gift from Trog
 13270 | D:11     | Found a portal to a secret trove of treasure.
 13350 | D:11     | Found a flickering gateway to a bazaar.
 13357 | Bazaar   | Entered a bazaar
 13361 | Bazaar   | Found Foluomp's Jewellery Emporium.
 13369 | Bazaar   | Found Ceazityo's Jewellery Shop.
 13410 | Bazaar   | Found Xoahur's Antique Weapon Shoppe.
 13418 | Bazaar   | Found Cyletyru's Jewellery Boutique.
 13454 | Bazaar   | Bought the ring of Lefel {rC+ rN+ rCorr Stlth+} for 624
                  | gold pieces
 13609 | D:11     | Found a shimmering blue altar of Sif Muna.
 13622 | D:11     | Noticed a two-headed ogre
 13631 | D:11     | Killed a two-headed ogre
 13632 | D:11     | Reached skill level 1 in Evocations
 13969 | D:11     | Noticed a two-headed ogre
 13975 | D:11     | Killed a two-headed ogre
 14170 | D:11     | Noticed a two-headed ogre
 14177 | D:11     | Killed a two-headed ogre
 14789 | D:12     | Noticed a two-headed ogre
 14808 | D:12     | Killed a two-headed ogre
 14916 | D:12     | Noticed a two-headed ogre
 14918 | D:12     | Killed a two-headed ogre
 14919 | D:12     | Reached XP level 12. HP: 95/103 MP: 11/11
 15030 | D:12     | Received a gift from Trog
 15031 | D:12     | Reached skill level 5 in Throwing
 15680 | D:12     | Reached skill level 17 in Axes
 15800 | D:12     | Noticed a six-headed hydra
 15832 | D:12     | Found a radiant altar of Vehumet.
 15946 | D:13     | Noticed a centaur warrior
 15955 | D:13     | Killed a centaur warrior
 16090 | D:13     | Noticed a catoblepas
 16105 | D:13     | Killed a catoblepas
 16224 | Lair:1   | Entered Level 1 of the Lair of Beasts
 16666 | Lair:1   | Noticed a five-headed hydra
 16675 | Lair:1   | Killed a one-headed hydra
 17025 | Lair:1   | Noticed a six-headed hydra
 17031 | Lair:1   | Killed a four-headed hydra
 17382 | Lair:1   | Noticed an eight-headed hydra
 17389 | Lair:1   | Killed a four-headed hydra
 17390 | Lair:1   | Reached skill level 10 in Fighting
 17788 | Lair:2   | Reached XP level 13. HP: 113/113 MP: 12/12
 17801 | Lair:2   | Noticed Fannar
 17838 | Lair:2   | Killed Fannar
 17893 | Lair:2   | Reached skill level 18 in Axes
 18189 | Lair:2   | Reached skill level 10 in Armour
 18341 | Lair:2   | Received a gift from Trog
 18781 | Lair:2   | Found a staircase to the Swamp.
 19646 | Lair:3   | Noticed Urug
 19664 | Lair:3   | Killed Urug
 20150 | Lair:3   | Reached skill level 10 in Dodging
 20196 | Lair:3   | Noticed Nergalle
 20212 | Lair:3   | Killed Nergalle
 20758 | Lair:3   | Found a hole to the Spider Nest.
 21127 | Lair:4   | Reached ****** piety under Trog
 21135 | Lair:4   | Reached skill level 19 in Axes
 21742 | Lair:4   | Received a gift from Trog
 21803 | Lair:4   | Reached XP level 14. HP: 92/124 MP: 13/13
 24119 | Lair:6   | Entered Level 6 of the Lair of Beasts
 24119 | Lair:6   | Found a viscous altar of Jiyva.
 24119 | Lair:6   | Found a staircase to the Slime Pits.
 24305 | Lair:6   | Reached skill level 20 in Axes
 24310 | Lair:6   | HP: 6/127 [death yak (20)]
 24311 | Lair:6   | Mangled by a death yak

Illustrated notes

Levels and vault maps discovered:
D:1:      matt_arrival_spirals, layout_rooms,
          shapermc_ecumenical_altar_mp_urbaneastern, minmay_crystal_water
D:2:      layout_rooms
D:3:      minmay_recursive_quarters, layout_basic, general_overflow_altar,
          riverfiend_overflow_shadow_ancestor, minmay_misc_feat_diagonals
D:4:      layout_cave_pods, minmay_goblin_outpost, uniq_pikel
D:5:      minmay_chambers_of_fours, layout_basic,
          minmay_temple_entry_enclosed_plants, minmay_hollow_rounded_squares
D:6:      layout_loops_ring, nicolae_overflow_hidden_temple, serial_shops, shop,
          kennysheep_mini_moat, shop, kennysheep_mini,
          nicolae_shop_behind_doors, nrook_mini_vaults
D:7:      minmay_bubble_buster, layout_loops_ring, minmay_shop_damaged,
          nrook_campfire
D:8:      layout_basic, makhleb_grotto_becter, minmay_misc_feat_more_columns,
          kennysheep_crisscross, dk_noncrumbling_3
D:9:      layout_roguey, lair_entry_dummy, minmay_misc_feat_iff,
          chequers_serial_rivers_micro_c, uniq_maggie
D:10:     layout_rooms, slow_altar_1, minivault_16, minmay_statue_bubble
D:11:     statuecave_lemuel, layout_loops_corners, hiddenorc2_lemuel,
          serial_shops, bzr_entry_dummy, enter_trove_3, gauntlet_entry_generic,
          led_sif_book
D:12:     layout_roguey, nicolae_vehumet_radiance
D:13:     layout_stronghold, hangedman_vaults_entry_quadrant_bands
Lair:1:   layout_hall_layers
Lair:2:   wander_river, layout_regular_city, palyth_hydra_swamp_entry,
          disabler_island, uniq_fannar
Lair:3:   layout_gridlike, spider_nest_entry_funnel_web, st_stairs_12,
          chequers_serial_rivers_small_b, beast_lair_carwin_1,
          serial_bayou_shore_b, uniq_nergalle, uniq_urug
Lair:4:   layout_regular_city, st_stairs_8
Lair:5:   beast_lair_carwin_large_3, layout_long_grid
Lair:6:   due_jungle_book, layout_gridlike, slime_altar_1

Skill      XL: |  1  2  3  4  5  6  7  8  9 10 11 12 13 14 |
---------------+-------------------------------------------+-----
Axes           | 4 8 10 13 14 15 16 17 19 20 | 20.0
Throwing       | 1 2 4 6 |  6.0
Fighting       | 4 5 7 8 10 11 12 | 12.3
Armour         | 3 4 6 8 9 11 12 | 12.1
Dodging        | 3 4 6 7 9 10 11 | 11.2
Evocations     | 2 4 |  4.0

Action                   |  1- 3 |  4- 6 |  7- 9 | 10-12 | 13-15 || total
-------------------------+-------+-------+-------+-------+-------++-------
Melee: Hand axe          |    75 |    24 |       |       |       ||    99
       Headbutt          |     5 |     5 |    45 |   142 |   117 ||   314
       War axe           |       |    38 |   260 |   294 |       ||   592
       Broad axe         |       |       |       |   244 |   191 ||   435
       Trident           |       |       |       |    12 |       ||    12
       Battleaxe         |       |       |       |       |   258 ||   258
Throw: Dart              |       |     5 |       |       |       ||     5
       Boomerang         |       |       |       |     3 |       ||     3
Invok: Berserk           |       |     1 |     7 |     8 |     1 ||    17
       Brothers in Arms  |       |       |       |     1 |     1 ||     2
       Trog's Hand       |       |       |       |       |     1 ||     1
Evoke: Wand              |       |       |       |     3 |     5 ||     8
  Use: Scroll            |       |       |    18 |    13 |       ||    31
       Potion            |       |       |       |       |     1 ||     1
Armor: Animal skin       |     3 |       |       |       |       ||     3
       Leather armour    |    24 |    12 |    11 |       |       ||    47
       Chain mail        |       |       |    35 |       |       ||    35
       Plate armour      |       |       |    77 |   214 |   256 ||   547
       Scale mail        |       |       |       |    56 |       ||    56
Dodge: Dodged            |    66 |    43 |   104 |   232 |   209 ||   654

Table legend: (Time is in decaauts)
 A = Elapsed time spent in this place.
 B = Non-inter-level travel time spent in this place.
 C = Inter-level travel time spent in this place.
 D = Time resting spent in this place.
 E = Time spent auto-exploring this place.
 F = Levels seen in this place.
 G = Mean time per level.
                   A        B        C        D        E       F      G
               +--------+--------+--------+--------+--------+-----+--------+
         Total |  24213 |  23411 |    802 |   4389 |  14555 |  21 | 1153.0 |
       Dungeon |  15544 |  14885 |    659 |   2313 |   9417 |  13 | 1195.7 |
          Lair |   7960 |   7818 |    142 |   1663 |   5057 |   6 | 1326.7 |
        Bazaar |    115 |    115 |      0 |      0 |     81 |   1 |  115.0 |
      Gauntlet |    592 |    592 |      0 |    412 |      0 |   1 |  592.0 |
               +--------+--------+--------+--------+--------+-----+--------+

Top non-repeatable levels by time:
     D:5: 2119 daAuts
  Lair:2: 1876 daAuts
     D:7: 1679 daAuts
  Lair:5: 1640 daAuts
  Lair:3: 1589 daAuts
     D:3: 1540 daAuts
    D:11: 1524 daAuts
  Lair:4: 1390 daAuts
    D:12: 1300 daAuts
     D:9: 1299 daAuts
  Lair:1: 1283 daAuts
     D:6: 1259 daAuts
     D:4: 1256 daAuts
    D:10: 1065 daAuts
     D:8: 989 daAuts
